[ AOE2 MATCH · #495281254 ]
UnrankedRomans vs Malians
Player's team · LOSS
Rival team · WIN
[ REPLAY ANALYSIS · EXTRACTED FROM THE RECORDED GAME ]
Feudal
10:31
Castle
20:59
Imperial
37:42
| APM avg | 72.6 |
| APM peak | 137 |
| eAPM avg | 30.6 |
| Villagers / military | 140 / 98 |
Focus
⚔️ 42.5% · 🌾 57.5%
Archer ×38 · Knight ×28 · Skirmisher ×13 · Monk ×5 · Mangonel ×5 · Trebuchet (Packed) ×5
Feudal
8:52
Castle
20:09
Imperial
39:08
| APM avg | 60.1 |
| APM peak | 130 |
| eAPM avg | 27.0 |
| Villagers / military | 147 / 147 |
Focus
⚔️ 43.1% · 🌾 56.9%
Knight ×86 · Archer ×35 · Scout Cavalry ×13 · Battering Ram ×4 · Militia ×3 · Mangonel ×3
Match map
Initial resources + every placement click. Lines = walls · curves = elevation contours. ◆ gold · ⬟ stone · ● berries · ✦ relic · ◌ wall gap
Your base· ✓ Closed at 20:59 · 29t walls · 3 gate(s)
if i lose it all's base· ✓ Closed at 20:09 · 25t walls · 1 gate(s)
Smoothed initial terrain · ◌ = detected wall gap · hover for details
Inputs per minute
— UX - - if i lose it all
Build order — UX
First 150 of 430 actions detected
| 0:01 | Queue | Villager (Male) ×4 |
| 0:01 | Queue | Villager (Male) ×4 |
| 0:03 | Build | House |
| 0:04 | Build | House |
| 1:24 | Queue | Villager (Male) |
| 1:56 | Build | Lumber Camp |
| 1:59 | Queue | Villager (Male) |
| 2:14 | Queue | Villager (Male) |
| 2:44 | Queue | Villager (Male) |
| 2:59 | Queue | Villager (Male) |
| 3:35 | Queue | Villager (Male) |
| 3:52 | Build | House |
| 4:09 | Queue | Villager (Male) |
| 4:30 | Queue | Villager (Male) |
| 4:31 | Queue | Villager (Male) |
| 4:35 | Build | Barracks |
| 4:55 | Queue | Villager (Male) |
| 5:00 | Queue | Villager (Male) |
| 5:18 | Build | House |
| 5:20 | Queue | Villager (Male) |
| 5:28 | Queue | Militia |
| 5:52 | Queue | Militia |
| 5:56 | Build | Palisade Wall |
| 6:10 | Queue | Villager (Male) |
| 6:13 | Build | Mill |
| 6:32 | Queue | Villager (Male) |
| 6:52 | Queue | Villager (Male) |
| 6:56 | Build | House |
| 7:00 | Build | House |
| 7:15 | Queue | Villager (Male) |
| 7:44 | Research | Loom |
| 7:44 | Research | Loom |
| 8:17 | Research | Feudal Age |
| 8:18 | Research | Feudal Age |
| 9:19 | Build | House |
| 9:22 | Build | Palisade Wall |
| 9:28 | Queue | Villager (Male) |
| 10:00 | Build | Mining Camp |
| 10:21 | Build | Palisade Wall |
| 10:31 | Age | Feudal Age |
| 10:33 | Queue | Villager (Male) |
| 10:39 | Build | Archery Range |
| 10:42 | Research | Double-Bit Axe |
| 10:54 | Queue | Villager (Male) |
| 11:00 | Queue | Villager (Male) |
| 11:11 | Queue | Villager (Male) |
| 11:13 | Queue | Villager (Male) |
| 11:16 | Build | House |
| 11:18 | Build | Palisade Wall |
| 11:23 | Queue | Archer |
| 11:25 | Build | Farm |
| 11:25 | Build | Farm |
| 11:27 | Build | House |
| 11:28 | Build | Palisade Wall |
| 11:30 | Build | Palisade Wall |
| 11:32 | Build | Palisade Wall |
| 11:41 | Build | House |
| 12:00 | Queue | Archer |
| 12:13 | Build | Farm |
| 12:15 | Build | Farm |
| 12:16 | Build | Farm |
| 12:26 | Queue | Villager (Male) |
| 12:32 | Queue | Villager (Male) |
| 12:33 | Queue | Archer |
| 12:34 | Queue | Villager (Male) |
| 12:42 | Build | Farm |
| 12:43 | Queue | Villager (Male) |
| 12:46 | Build | Blacksmith |
| 12:47 | Build | House |
| 13:01 | Build | Farm |
| 13:06 | Build | Farm |
| 13:07 | Queue | Archer |
| 13:31 | Build | Farm |
| 13:34 | Queue | Villager (Male) |
| 13:38 | Research | Fletching |
| 13:38 | Research | Fletching |
| 13:51 | Queue | Archer |
| 13:56 | Build | Palisade Wall |
| 14:04 | Build | Palisade Wall |
| 14:07 | Queue | Skirmisher |
| 14:30 | Build | Palisade Gate |
| 14:34 | Build | Palisade Gate |
| 14:36 | Build | Palisade Gate |
| 14:40 | Build | Palisade Gate |
| 14:51 | Queue | Villager (Male) |
| 14:52 | Build | Palisade Wall |
| 14:54 | Queue | Archer |
| 14:59 | Build | Farm |
| 15:00 | Build | Farm |
| 15:02 | Build | Farm |
| 15:06 | Queue | Villager (Male) |
| 15:10 | Build | Palisade Wall |
| 15:13 | Queue | Skirmisher |
| 15:20 | Build | Farm |
| 15:24 | Build | Palisade Gate |
| 15:25 | Queue | Villager (Male) |
| 15:27 | Queue | Archer |
| 15:34 | Build | House |
| 15:35 | Build | House |
| 16:17 | Queue | Villager (Male) |
| 16:20 | Queue | Archer |
| 16:26 | Build | Lumber Camp |
| 16:29 | Build | Farm |
| 16:43 | Queue | Villager (Male) |
| 16:52 | Build | Farm |
| 17:00 | Queue | Villager (Male) |
| 17:09 | Build | House |
| 17:10 | Build | House |
| 17:18 | Queue | Archer |
| 17:24 | Queue | Villager (Male) |
| 17:24 | Queue | Archer |
| 17:41 | Build | Farm |
| 17:45 | Build | Farm |
| 18:16 | Build | House |
| 18:17 | Build | House |
| 18:19 | Research | Castle Age |
| 18:19 | Research | Castle Age |
| 18:19 | Research | Castle Age |
| 18:23 | Queue | Archer |
| 18:35 | Research | Padded Archer Armor |
| 19:01 | Queue | Villager (Male) |
| 19:01 | Queue | Archer |
| 19:11 | Build | Farm |
| 19:14 | Build | Farm |
| 19:25 | Research | Horse Collar |
| 19:27 | Queue | Archer |
| 19:28 | Build | House |
| 19:30 | Build | House |
| 19:30 | Build | House |
| 19:48 | Research | Gold Mining |
| 19:49 | Research | Gold Mining |
| 19:50 | Queue | Archer |
| 19:59 | Build | House |
| 20:24 | Build | Farm |
| 20:36 | Build | House |
| 20:37 | Build | House |
| 20:44 | Queue | Archer |
| 20:52 | Build | Farm |
| 20:59 | Age | Castle Age |
| 21:03 | Research | Crossbowman (upgrade) |
| 21:04 | Research | Bodkin Arrow |
| 21:04 | Research | Bodkin Arrow |
| 21:15 | Build | Market |
| 21:22 | Queue | Villager (Male) |
| 21:24 | Build | University |
| 21:42 | Queue | Villager (Male) |
| 21:43 | Build | Farm |
| 21:44 | Build | Farm |
| 21:52 | Queue | Villager (Male) |
| 22:08 | Build | House |
Build order — if i lose it all
First 150 of 473 actions detected
| 0:00 | Queue | Villager (Male) |
| 0:02 | Build | House |
| 0:02 | Build | House |
| 0:11 | Queue | Villager (Male) |
| 0:15 | Queue | Villager (Male) |
| 0:15 | Queue | Villager (Male) |
| 0:16 | Queue | Villager (Male) |
| 1:24 | Queue | Villager (Male) |
| 1:54 | Build | Lumber Camp |
| 1:57 | Queue | Villager (Male) |
| 2:28 | Queue | Villager (Male) |
| 2:30 | Queue | Villager (Male) |
| 3:15 | Queue | Villager (Male) |
| 3:39 | Queue | Villager (Male) |
| 3:59 | Build | House |
| 4:00 | Build | House |
| 4:04 | Queue | Villager (Male) |
| 4:35 | Queue | Villager (Male) |
| 4:47 | Queue | Villager (Male) |
| 4:55 | Build | Barracks |
| 5:05 | Queue | Villager (Male) |
| 5:37 | Queue | Villager (Male) |
| 5:43 | Research | Loom |
| 5:49 | Build | House |
| 6:12 | Build | Palisade Wall |
| 6:42 | Research | Feudal Age |
| 6:44 | Queue | Militia |
| 7:19 | Queue | Militia |
| 7:26 | Build | Mining Camp |
| 7:56 | Queue | Militia |
| 8:18 | Build | Mill |
| 8:31 | Queue | Villager (Male) |
| 8:47 | Build | Palisade Wall |
| 8:51 | Build | Palisade Wall |
| 8:52 | Build | Palisade Wall |
| 8:52 | Age | Feudal Age |
| 9:03 | Research | Man-at-Arms (upgrade) |
| 9:07 | Build | Archery Range |
| 9:08 | Queue | Villager (Male) |
| 9:21 | Queue | Villager (Male) |
| 9:46 | Queue | Villager (Male) |
| 9:56 | Research | Double-Bit Axe |
| 9:56 | Research | Double-Bit Axe |
| 9:58 | Queue | Villager (Male) |
| 10:05 | Queue | Archer |
| 10:30 | Queue | Villager (Male) |
| 10:44 | Queue | Villager (Male) |
| 11:05 | Queue | Villager (Male) |
| 11:15 | Queue | Villager (Male) |
| 11:22 | Queue | Villager (Male) |
| 11:23 | Build | Farm |
| 11:25 | Build | Farm |
| 11:48 | Queue | Villager (Male) |
| 11:50 | Build | Farm |
| 11:50 | Queue | Archer |
| 12:05 | Queue | Villager (Male) |
| 12:07 | Build | Farm |
| 12:08 | Build | Farm |
| 12:09 | Queue | Archer |
| 12:15 | Build | House |
| 12:23 | Queue | Villager (Male) |
| 12:33 | Build | Blacksmith |
| 12:46 | Build | House |
| 12:47 | Queue | Villager (Male) |
| 12:56 | Build | Farm |
| 13:08 | Queue | Villager (Male) |
| 13:26 | Queue | Villager (Male) |
| 13:31 | Queue | Archer |
| 13:34 | Build | House |
| 13:38 | Build | House |
| 13:39 | Build | Palisade Wall |
| 13:59 | Build | Farm |
| 14:05 | Queue | Villager (Male) |
| 14:08 | Build | Farm |
| 14:16 | Research | Fletching |
| 14:19 | Build | House |
| 14:20 | Build | Palisade Wall |
| 14:21 | Queue | Villager (Male) |
| 14:27 | Build | Palisade Wall |
| 14:44 | Queue | Villager (Male) |
| 14:47 | Queue | Archer |
| 14:51 | Build | Palisade Wall |
| 14:53 | Queue | Villager (Male) |
| 15:22 | Build | Archery Range |
| 15:24 | Queue | Villager (Male) |
| 15:39 | Build | House |
| 15:41 | Queue | Villager (Male) |
| 16:05 | Queue | Villager (Male) |
| 16:17 | Queue | Villager (Male) |
| 16:20 | Queue | Archer |
| 16:21 | Queue | Archer |
| 16:28 | Build | Farm |
| 16:41 | Build | House |
| 16:42 | Build | Palisade Gate |
| 16:45 | Queue | Archer |
| 17:06 | Build | Farm |
| 17:22 | Build | Lumber Camp |
| 17:29 | Research | Castle Age |
| 17:29 | Research | Castle Age |
| 17:45 | Build | Farm |
| 17:47 | Build | Farm |
| 18:05 | Build | Farm |
| 18:08 | Queue | Archer |
| 18:09 | Queue | Archer |
| 18:12 | Research | Padded Archer Armor |
| 18:18 | Research | Horse Collar |
| 18:19 | Research | Horse Collar |
| 18:27 | Queue | Archer |
| 18:27 | Queue | Archer |
| 18:39 | Build | Farm |
| 18:46 | Queue | Archer |
| 19:02 | Queue | Archer |
| 19:03 | Queue | Archer |
| 19:20 | Queue | Archer |
| 19:49 | Queue | Villager (Male) |
| 19:57 | Queue | Villager (Male) |
| 20:09 | Age | Castle Age |
| 20:11 | Research | Bodkin Arrow |
| 20:18 | Research | Crossbowman (upgrade) |
| 20:24 | Build | Town Center |
| 20:27 | Build | Town Center |
| 20:35 | Research | Bow Saw |
| 20:46 | Queue | Villager (Male) |
| 21:03 | Queue | Archer |
| 21:14 | Queue | Villager (Male) |
| 21:15 | Queue | Archer |
| 21:15 | Queue | Archer |
| 21:20 | Queue | Archer |
| 21:23 | Queue | Villager (Male) |
| 21:27 | Queue | Archer |
| 21:27 | Queue | Archer |
| 21:34 | Queue | Villager (Male) |
| 21:42 | Queue | Villager (Male) |
| 21:48 | Build | Farm |
| 21:55 | Queue | Archer |
| 21:56 | Queue | Villager (Male) |
| 22:07 | Build | House |
| 22:12 | Queue | Archer |
| 22:19 | Queue | Villager (Male) |
| 22:33 | Queue | Villager (Male) |
| 22:40 | Build | University |
| 22:42 | Queue | Villager (Male) |
| 22:55 | Queue | Villager (Male) |
| 22:56 | Build | Farm |
| 22:58 | Build | Farm |
| 23:04 | Queue | Archer |
| 23:05 | Queue | Archer |
| 23:20 | Queue | Villager (Male) |
| 23:21 | Build | Farm |
| 23:23 | Queue | Archer |
Match timeline
| 4:35 | UX · first_building Barracks |
| 4:55 | if i lose it all · first_building Barracks |
| 5:56 | UX · wall_segment Palisade Wall x1 |
| 6:12 | if i lose it all · wall_segment Palisade Wall x1 |
| 8:47 | if i lose it all · wall_segment Palisade Wall x1 |
| 8:51 | if i lose it all · wall_segment Palisade Wall x1 |
| 8:52 | if i lose it all · age_up feudal |
| 8:52 | if i lose it all · wall_segment Palisade Wall x1 |
| 9:07 | if i lose it all · first_building Archery Range |
| 9:22 | UX · wall_segment Palisade Wall x1 |
| 10:21 | UX · wall_segment Palisade Wall x1 |
| 10:31 | UX · age_up feudal |
| 10:39 | UX · first_building Archery Range |
| 11:18 | UX · wall_segment Palisade Wall x1 |
| 11:28 | UX · wall_segment Palisade Wall x1 |
| 11:30 | UX · wall_segment Palisade Wall x1 |
| 11:32 | UX · wall_segment Palisade Wall x1 |
| 13:39 | if i lose it all · wall_segment Palisade Wall x4 |
| 13:56 | UX · wall_segment Palisade Wall x10 |
| 14:04 | UX · wall_segment Palisade Wall x7 |
| 14:20 | if i lose it all · wall_segment Palisade Wall x3 |
| 14:27 | if i lose it all · wall_segment Palisade Wall x9 |
| 14:51 | if i lose it all · wall_segment Palisade Wall x5 |
| 14:52 | UX · wall_segment Palisade Wall x4 |
| 15:10 | UX · wall_segment Palisade Wall x7 |
| 20:09 | if i lose it all · age_up castle |
| 20:59 | UX · age_up castle |
| 22:28 | UX · first_market_buy 100 wood |
| 23:30 | UX · first_market_sell 100 food |
| 23:44 | UX · first_building Siege Workshop |
| 26:17 | if i lose it all · first_building Siege Workshop |
| 28:28 | if i lose it all · first_building Stable |
| 30:22 | UX · first_building Monastery |
| 31:24 | if i lose it all · first_building Monastery |
| 33:14 | UX · first_building Castle |
| 35:34 | UX · first_building Stable |
| 35:40 | if i lose it all · first_building Castle |
| 37:42 | UX · age_up imperial |
| 39:08 | if i lose it all · age_up imperial |
| 39:34 | if i lose it all · first_market_sell 500 food |
| 42:03 | UX · resign |
[ AI ANALYSIS · 1 CREDIT ]
What really happened in this match?
Wolo.gg analyzes every decision: build order, eco, micro, common mistakes by bracket. Personalized analysis on WhatsApp or Discord in 30 seconds.
Civ guide
Romans
Perfil
UX